 Dungeon Crawl Stone Soup version 0.28-a0-1130-gc51a68064b (webtiles) character file.

Game seed: 7686380461081239708

12007 ragingrage the Cleaver (level 11, -3/66 HPs)
             Began as a Gargoyle Artificer on Dec 12, 2021.
             Was a High Priest of Okawaru.
             Shot with an arrow by a centaur (8 damage)
             ... led by a centaur warrior
             ... on level 14 of the Dungeon.
             The game lasted 00:14:45 (12017 turns).

ragingrage the Cleaver (Gargoyle Artificer)        Turns: 12017, Time: 00:14:45

Health: -3/66      AC: 19    Str: 17    XL:     11   Next: 86%
Magic:  11/11      EV: 11    Int: 16    God:    Okawaru [*****.]
Gold:   865        SH:  0    Dex:  9    Spells: 10/10 levels left

rFire   . . .      SeeInvis .   a - +4 broad axe (elec)
rCold   + . .      Faith    .   (no shield)
rNeg    + + .      Spirit   .   M - +1 troll leather armour {Snorg}
rPois   ∞          Reflect  .   J - +0 helmet
rElec   +          Harm     .   N - +1 cloak
rCorr   +          Rampage  .   (no gloves)
Will    .....                   k - +2 pair of boots
Stlth   +.........              i - amulet of regeneration
HPRegen 1.81/turn               o - ring "Rybin" {rN+ rCorr}
MPRegen 0.12/turn               K - ring of Saulascho {rPois rC+ Int+3 Dex-3 Slay+2}

@: studying Short Blades
A: sickness immunity, AC +8, negative energy resistance 1, electricity
resistance, torment resistance 1, petrification resistance
a: Renounce Religion, Heroism, Finesse, Duel


You were on level 14 of the Dungeon.
You worshipped Okawaru.
Okawaru was extremely pleased with you.
You visited 2 branches of the dungeon, and saw 13 of its levels.
You also visited: Sewer.

You collected 865 gold pieces.

Inventory:

Hand Weapons
 a - a +4 broad axe of electrocution (weapon)
 b - a +0 hunting sling of chaos
 j - a +1 whip of electrocution
 L - a +3 glaive of flaming
Missiles
 f - 4 boomerangs
 l - 101 sling bullets
 H - 10 poisoned darts (quivered)
 R - a throwing net
Armour
 k - a +2 pair of boots (worn)
 J - a +0 helmet (worn)
 M - a +1 troll leather armour (worn) {Snorg}
 N - a +1 cloak (worn)
Jewellery
 i - an amulet of regeneration (around neck)
 o - the ring "Rybin" (left hand) {rN+ rCorr}
   (You acquired it on level 5 of the Dungeon)

   [ring of positive energy]

   rN:        It protects you from negative energy.
   rCorr:     It protects you from acid and corrosion.
 s - a ring of flight
 K - the ring of Saulascho (right hand) {rPois rC+ Int+3 Dex-3 Slay+2}
   (You acquired it on level 5 of the Dungeon)

   [ring of protection from cold]

   Int:       It affects your intelligence (+3).
   Dex:       It affects your dexterity (-3).
   Slay:      It affects your accuracy & damage with ranged weapons and melee
   (+2).
   rC:        It protects you from cold.
   rPois:     It protects you from poison.
 U - a ring of willpower
 V - a ring of fire
 W - a ring of protection from fire
Wands
 c - a wand of flame (12)
 d - a wand of charming (15)
 y - a wand of digging (13)
 z - a wand of acid (5)
Scrolls
 g - 2 scrolls of amnesia
 h - 2 scrolls of fear
 q - a scroll of holy word {unknown}
 r - 3 scrolls of identify
 t - 3 scrolls of magic mapping
 v - a scroll of noise {unknown}
 w - 3 scrolls of immolation
 x - 3 scrolls of teleportation
 A - a scroll of enchant weapon
 B - a scroll of summoning {unknown}
 E - a scroll of enchant armour
 O - 2 scrolls of acquirement
 S - a scroll of fog
 X - a scroll of brand weapon
Potions
 m - a potion of berserk rage {unknown}
 n - 6 potions of haste
 p - 2 potions of mutation {unknown}
 u - 4 potions of curing
 C - 2 potions of invisibility {unknown}
 D - a potion of cancellation {unknown}
 F - 2 potions of magic {unknown}
 G - a potion of degeneration {unknown}
 I - 4 potions of flight
 P - 3 potions of attraction
 Q - 2 potions of might
 T - 2 potions of brilliance {unknown}
 Y - a potion of resistance {unknown}
Miscellaneous
 e - a piece from Xom's chessboard (15/15)


   Skills:
 - Level 6.8 Fighting
 + Level 14.8 Axes
 - Level 2.1 Armour
 - Level 0.7 Dodging
 - Level 1.1 Stealth
 - Level 6.3 Evocations


You had 10 spell levels left.
You didn't know any spells.
Your spell library contained the following spells:

 Spells                   Type           Power      Damage    Failure   Level
 Wereblood                Tmut           0%         N/A       41%         2
 Dazzling Flash           Conj/Hex       0%         N/A       65%         3
 Fulminant Prism          Conj/Hex       0%         3d6       96%         4
 Iskenderun's Mystic Bla  Conj/Tloc      0%         2d3       96%         4
 Blade Hands              Tmut           0%         N/A       100%        5
 Irradiate                Conj/Tmut      0%         3d14      100%        5
 Lee's Rapid Deconstruct  Erth           0%         3d5*      100%        5
 Starburst                Conj/Fire      0%         6d3       100%        6
 Dragon Form              Tmut           0%         N/A       100%        7
 Summon Small Mammal      Summ           Unusable   N/A       N/A         1
 Sublimation of Blood     Necr           Unusable   N/A       N/A         2
 Call Canine Familiar     Summ           Unusable   N/A       N/A         3
 Summon Guardian Golem    Hex/Summ       Unusable   N/A       N/A         3
 Summon Hydra             Summ           Unusable   N/A       N/A         7

Dungeon Overview and Level Annotations

Branches:
Dungeon (11/15)            Temple (1/1) D:7            Lair (0/6) D:9
    Orc (0/2) D:10          Sewer (visited)

Altars:
Cheibriados
Dithmenos
Elyvilon
Fedhas
Hepliaklqana
Kikubaaqudgha
Nemelex Xobeh
Okawaru
Qazlal
Ru
Sif Muna
Trog
Vehumet
Wu Jian
Yredelemnul
Zin
The Shining One

Shops:
D:1 (


Innate Abilities, Weirdness & Mutations

You are immune to sickness and miasma.
Your stone body is resilient. (AC +8)
You are immune to poison.
You resist negative energy. (rN+)
You are resistant to electric shocks. (rElec)
You are resistant to unholy torment.
You are immune to petrification.


Message History

You slice the shadow!! Lightning courses through the shadow!
You destroy the shadow!
Okawaru accepts your kill.
No target in view!
No target in view!
No target in view!
No target in view!
No target in view!
l - 101 sling bullets (gained 27)
A sudden malevolence fills the Dungeon...
You fall into a shaft and drop 3 floors!
The shaft crumbles and collapses. 2 centaurs and a centaur warrior come into view.
The centaur shouts!
Found 15 gold pieces and a battleaxe.
Found a stone staircase leading up.
Unknown command.
The centaur warrior wields a +0 shortbow.
The centaur warrior shoots an arrow.
The arrow completely misses you.
The centaur wields a +0 shortbow.
The centaur shoots an arrow.
The arrow closely misses you.
The centaur wields a +0 shortbow.
The centaur shoots an arrow.
The arrow completely misses you.
The centaur shoots an arrow.
The arrow barely misses you.
The centaur warrior shoots an arrow.
The arrow hits you!
A slime creature comes into view.
The centaur shoots an arrow.
The arrow closely misses you.
The centaur warrior shoots an arrow.
The arrow hits you!
The centaur shoots an arrow.
The arrow barely misses you.
The centaur shoots an arrow.
The arrow hits you.
The centaur warrior shoots an arrow.
The arrow hits you!
The centaur shoots an arrow.
The arrow hits you but does no damage.
You are too injured to fight recklessly!
Unknown command.
The centaur shoots an arrow.
The arrow hits you but does no damage.
The centaur shoots an arrow.
The arrow hits you.
The centaur warrior shoots an arrow.
The arrow closely misses you.
The centaur warrior shoots an arrow.
The arrow hits you!
* * * LOW HITPOINT WARNING * * *
The centaur shoots an arrow.
The arrow hits you!
You die...

#.# .## ....#
#.####..##
....##..#......
...#.cc.....##
#.##.........#
#.##....c...). .
##.......#....
....##............$.
.......@............
....#.##...........#
. ##.....##.#...##
....##...#.###.#
..#.. #...### ## .
## ^..## .J...
.....#


You could see a centaur warrior and 2 centaurs.

Vanquished Creatures
  Snorg (D:10)
  A hydra (D:11)
  A boulder beetle (D:11)
  Maurice (D:10)
  Maggie (D:8)
  A troll (D:10)
  Grinder (D:3)
  A hornet (D:9)
  Prince Ribbit (D:8)
  24 yaks
  3 shadows (D:11)
  3 vampire mosquitoes (D:11)
  An acid dragon (D:10)
  3 water moccasins
  4 orc warriors (D:10)
  5 black bears
  An ice beast (D:6)
  A necrophage (D:5)
  An ogre (D:4)
  4 centaurs
  A phantom (D:6)
  2 kobold brigands
  Blork the orc (D:4)
  5 bullfrogs
  A gnoll sergeant (D:5)
  2 scorpions
  A water moccasin zombie (D:5)
  A wyvern skeleton (D:5)
  9 killer bees
  2 howler monkeys (D:11)
  An electric eel (D:9)
  3 orc priests
  3 centaur zombies
  2 jellies (D:5)
  A hound (D:4)
  A centaur skeleton (D:7)
  Crazy Yiuf (D:6)
  2 bullfrog skeletons (D:5)
  A gnoll shaman (D:6)
  2 iguanas
  13 orc wizards
  A hound skeleton (D:5)
  Robin (D:3)
  7 gnolls
  12 adders
  4 river rats (Sewer)
  3 shadow imps
  A white imp (D:8)
  3 worms
  3 dart slugs
  41 orcs
  6 ball pythons
  4 bats
  2 endoplasms (D:3)
  2 giant cockroaches
  14 goblins
  5 hobgoblins
  8 jackals (D:2)
  12 kobolds
  2 quokkas (D:1)
  8 frilled lizards
  10 rats
263 creatures vanquished.

Vanquished Creatures (others)
  A human (D:9)
  33 fungi (D:9)
  26 plants (D:9)
60 creatures vanquished.

Grand Total: 323 creatures vanquished

Notes
Turn   | Place    | Note
-------+----------+-------------------------------------------
     0 | D:1      | ragingrage the Gargoyle Artificer began the quest for the
                  | Orb.
     0 | D:1      | Reached XP level 1. HP: 12/12 MP: 1/1
   161 | D:1      | Found Toufye's Antique Weapon Shop.
   531 | D:1      | Reached XP level 2. HP: 17/17 MP: 2/2
   559 | D:1      | Found a faded altar of an unknown god.
  1327 | D:2      | Reached XP level 3. HP: 18/22 MP: 3/3
  2459 | D:2      | Reached XP level 4. HP: 20/28 MP: 4/4
  3397 | D:2      | Reached XP level 5. HP: 25/33 MP: 5/5
  3623 | D:3      | Noticed Robin
  3938 | D:4      | Noticed an ogre
  3948 | D:4      | Killed an ogre
  3949 | D:4      | Reached XP level 6. HP: 39/39 MP: 6/6
  4087 | D:3      | Noticed Grinder
  4087 | D:3      | Paralysed by Grinder for 5 turns
  4106 | D:3      | Killed Grinder
  4107 | D:3      | Reached skill level 5 in Fighting
  4107 | D:3      | Reached skill level 5 in Evocations
  4107 | D:3      | Reached XP level 7. HP: 20/44 MP: 7/7
  4348 | D:3      | Found a sparkling altar of Nemelex Xobeh.
  4466 | D:5      | Entered Level 5 of the Dungeon
  4637 | D:5      | Found a shimmering blue altar of Sif Muna.
  4980 | D:5      | Found a glowing drain.
  4988 | Sewer    | Entered a sewer
  5303 | Sewer    | Reached XP level 8. HP: 52/52 MP: 8/8
  5626 | D:5      | Reached skill level 1 in Axes
  5728 | D:4      | Noticed Blork the orc
  5731 | D:4      | Killed Blork the orc
  5732 | D:4      | Reached skill level 2 in Axes
  5971 | D:3      | Killed Robin
  6148 | D:3      | Reached skill level 3 in Axes
  6618 | D:4      | Identified 3 scrolls of acquirement
  6618 | D:4      | Acquired a +3 broad axe of electrocution
  6841 | D:5      | Acquired the ring of Saulascho {rPois rC+ Int+3 Dex-3
                  | Slay+2}
  6846 | D:5      | Acquired the ring "Rybin" {rN+ rCorr}
  6991 | D:5      | Reached skill level 4 in Axes
  7260 | D:6      | Reached skill level 5 in Axes
  7667 | D:6      | Reached skill level 6 in Axes
  7667 | D:6      | Reached XP level 9. HP: 56/56 MP: 9/9
  7747 | D:6      | Found a runed translucent door.
  7748 | D:6      | Noticed Crazy Yiuf
  7808 | D:6      | Found a hazy altar of Hepliaklqana.
  7809 | D:6      | Found a faded altar of an unknown god.
  7923 | D:6      | Killed Crazy Yiuf
  8067 | D:7      | Found a staircase to the Ecumenical Temple.
  8074 | Temple   | Entered the Ecumenical Temple
  8119 | Temple   | Became a worshipper of Warmaster Okawaru
  8414 | D:8      | Reached skill level 7 in Axes
  8488 | D:8      | Reached skill level 8 in Axes
  8497 | D:8      | Reached * piety under Okawaru
  8520 | D:8      | Reached skill level 9 in Axes
  9062 | D:8      | Noticed Maggie
  9073 | D:8      | Killed Maggie
  9130 | D:8      | Reached XP level 10. HP: 61/61 MP: 10/10
  9147 | D:8      | Noticed Prince Ribbit
  9160 | D:8      | Killed Prince Ribbit
  9161 | D:8      | Reached skill level 10 in Axes
  9251 | D:8      | Reached ** piety under Okawaru
  9646 | D:9      | Found a staircase to the Lair.
  9656 | D:9      | Reached skill level 11 in Axes
  9679 | D:9      | Reached *** piety under Okawaru
  9799 | D:9      | Found an ancient bone altar of Kikubaaqudgha.
  9865 | D:9      | Found a white marble altar of Elyvilon.
  9989 | D:9      | Reached skill level 12 in Axes
 10401 | D:10     | Entered Level 10 of the Dungeon
 10523 | D:10     | Noticed Maurice
 10527 | D:10     | Noticed Snorg
 10533 | D:10     | Reached **** piety under Okawaru
 10538 | D:10     | Killed Snorg
 10539 | D:10     | Reached XP level 11. HP: 63/66 MP: 9/11
 10542 | D:10     | Killed Maurice
 10543 | D:10     | Reached skill level 13 in Axes
 10744 | D:10     | Found a staircase to the Orcish Mines.
 10837 | D:10     | Found a sacrificial altar of Ru.
 11114 | D:10     | Reached ***** piety under Okawaru
 11304 | D:11     | Reached skill level 14 in Axes
 11435 | D:11     | Noticed an eight-headed hydra
 11443 | D:11     | Killed a three-headed hydra
 11933 | D:11     | Noticed a boulder beetle
 11949 | D:11     | Killed a boulder beetle
 12012 | D:11     | You fall into a shaft and drop 3 floors!
 12012 | D:14     | Noticed a centaur warrior
 12017 | D:14     | Shot with an arrow by a centaur

Illustrated notes

Levels and vault maps discovered:
D:1:      scummos_arrival_simple_crosswalls, layout_basic, serial_shops,
          nicolae_shop_temple_entry_statues_fountains,
          hellmonk_ecumenical_altar_pennies_from_heaven, nrook_mini_backslash,
          nicolae_concentric_dashed_squares_mild
D:2:      layout_loops_ring
D:3:      layout_basic, amcnicky_altar_gilded, fountainhead, uniq_grinder,
          uniq_robin
D:4:      layout_cave_pods, minmay_misc_feat_four_crosses,
          roderic_roman_lattice, serial_park_tiny_2, uniq_blork_the_orc
D:5:      kennysheep_spiral_hall, layout_basic, general_overflow_altar,
          serial_corexii_hall, corexii_hall_statues_l, corexii_hall_statues_u,
          cheibrodos_sewer_entry_bend, eino_tiny_chamber
D:6:      layout_cave_pods, beargit_hepliaklqana_dungeon_heroes,
          corexii_leaking_fountain, uniq_crazy_yiuf_cottage
D:7:      layout_gridville, minmay_temple_entry_offerings
D:8:      layout_layer_cave, uniq_maggie, uniq_prince_ribbit1
D:9:      layout_roguey, nicolae_elyvilon_temple_path, tgw_kikubaaqudgha,
          due_lair_maze_entry_diamond
D:10:     layout_irregular_city, lemuel_tele_altar, hiddenorc2_lemuel,
          uniq_snorg, uniq_maurice
D:11:     layout_stronghold
D:14:     layout_cave_pools, serial_bayou_pond_d
Temple:   nicolae_temple_elliptical

Skill      XL: |  1  2  3  4  5  6  7  8  9 10 11 |
---------------+----------------------------------+-----
Evocations     | 3 4 5 6 |  6.3
Fighting       | 2 3 4 5 6 |  6.8
Axes           | 6 9 12 14 | 14.8
Armour         | |  2.1
Dodging        | |  0.7
Stealth        | |  1.1

Action                   |  1- 3 |  4- 6 |  7- 9 | 10-12 || total
-------------------------+-------+-------+-------+-------++-------
Melee: Club              |   132 |     5 |       |       ||   137
       Lajatang          |       |   123 |   189 |       ||   312
       Halberd           |       |    47 |       |       ||    47
       Broad axe         |       |       |   146 |   289 ||   435
       Glaive            |       |       |       |     6 ||     6
       Punch             |       |       |       |     1 ||     1
 Fire: Hunting sling     |     9 |    30 |     7 |     7 ||    53
Throw: Boomerang         |       |       |     1 |       ||     1
       Dart              |       |       |     2 |    13 ||    15
       Throwing net      |       |       |     1 |       ||     1
Invok: Heroism           |       |       |     1 |     4 ||     5
Evoke: Wand              |       |     9 |     3 |     1 ||    13
  Use: Scroll            |       |     1 |    11 |     8 ||    20
       Potion            |       |       |     1 |       ||     1
 Stab: Sleeping          |     1 |       |       |       ||     1
Armor: Leather armour    |    12 |       |       |       ||    12
       Chain mail        |    79 |   197 |    57 |       ||   333
       Scale mail        |       |       |   228 |   147 ||   375
       Skin              |       |       |    16 |       ||    16
       Troll leather arm |       |       |       |    79 ||    79
Dodge: Dodged            |    61 |    79 |   197 |   168 ||   505

Table legend: (Time is in decaauts)
 A = Elapsed time spent in this place.
 B = Non-inter-level travel time spent in this place.
 C = Inter-level travel time spent in this place.
 D = Time resting spent in this place.
 E = Time spent auto-exploring this place.
 F = Levels seen in this place.
 G = Mean time per level.
                   A        B        C        D        E       F      G
               +--------+--------+--------+--------+--------+-----+--------+
         Total |  12245 |  11560 |    685 |   1603 |   7452 |  14 |  874.6 |
       Dungeon |  11685 |  11025 |    660 |   1536 |   7188 |  12 |  973.8 |
        Temple |     61 |     36 |     25 |      0 |     26 |   1 |   61.0 |
         Sewer |    498 |    498 |      0 |     67 |    238 |   1 |  498.0 |
               +--------+--------+--------+--------+--------+-----+--------+

Top non-repeatable levels by time:
     D:1: 2186 daAuts
     D:2: 1608 daAuts
     D:8: 1338 daAuts
     D:5: 1256 daAuts
     D:4: 920 daAuts
     D:6: 908 daAuts
    D:10: 877 daAuts
     D:3: 821 daAuts
     D:9: 793 daAuts
    D:11: 715 daAuts
   Sewer: 498 daAuts
     D:7: 255 daAuts
  Temple: 61 daAuts
    D:14: 4 daAuts
